 Dungeon Crawl Stone Soup version bcrawl-1.37.2 (webtiles) character file.

Game seed: 5821405840351344119

397125 Mehrunes the Cleaver (level 12, -9/73 HPs)
             Began as a Skeleton Skald on Oct 28, 2022.
             Was an Elder of Kikubaaqudgha.
             Mangled by an orc warrior
             ... wielding a +0 war axe
              (24 damage)
             ... on level 10 of the Dungeon.
             The game lasted 00:37:36 (11672 turns).

Mehrunes the Cleaver (Skeleton Skald)              Turns: 11672, Time: 00:37:37

Health: -9/73      AC: 13    Str: 18 (20) XL:     12   Next: 3%
Magic:  0/25       EV:  9    Int: 16 (17) God:    Kikubaaqudgha [****..]
Gold:   659        SH:  0    Dex:  8      Spells: 3/17 levels left

rFire    . . .     GDR:     27% a - +0 war axe
rCold    + . .     SeeInvis .   (no shield)
rNeg     + + +     Gourm    .   z - +0 chain mail
rPois    ∞         Faith    .   r - +0 helmet
rElec    .         Spirit   +   (no cloak)
rCorr    .         Reflect  .   h - +0 pair of gloves
MR       +....                  (no boots)
Stlth    ..........             d - amulet of magic regeneration
HPRegen  0.22/turn              w - +2 ring of strength
MPRegen  0.45/turn              B - ring of magical power

@: about to teleport
A: no food or potions, cold resistance 1, deterioration 1, negative energy
resistance 3, powered by death 1, torment resistance, unbreathing, magic shield,
sturdy frame 2, spell healing
a: Receive Corpses, Renounce Religion


You were on level 10 of the Dungeon.
You worshipped Kikubaaqudgha.
Kikubaaqudgha was greatly pleased with you.
You were not hungry.

You visited 2 branches of the dungeon, and saw 11 of its levels.
You also visited: Ossuary.

You collected 1019 gold pieces.
You spent 360 gold pieces at shops.

Inventory:

Hand Weapons
 a - a +0 war axe (weapon)
 f - a +0 hunting sling
 q - a +0 hand axe of chopping
Missiles
 g - 1488 sling bullets
 p - 123 poisoned tomahawks (quivered)
Armour
 b - a +0 leather armour
 h - a +0 pair of gloves (worn)
 j - a +0 ring mail
 r - a +0 helmet (worn)
 v - a +0 medium shield
 z - a +0 chain mail (worn)
 A - the +3 hat of Pondering {ponderous, MR+ MP+10 Int+5}
   (You took it off Gastronok on level 8 of the Dungeon)

   It affects your intelligence (+5).
   It affects your resistance to hostile enchantments.
   It affects your magic capacity (+10).
 E - a +0 pair of boots
Jewellery
 d - an amulet of magic regeneration (around neck)
 w - a +2 ring of strength (left hand)
 B - a ring of magical power (right hand)
 C - a +5 ring of dexterity {unknown}
 D - an uncursed ring of protection from cold {unknown}
Wands
 e - a wand of random effects (9)
 n - a wand of charming (10)
 y - a wand of acid (1)
Scrolls
 c - 2 scrolls of fog
 i - 5 scrolls of identify
 k - 8 scrolls of remove curse
 l - 2 scrolls of teleportation
 m - 3 scrolls of enchant armour
 o - 5 scrolls of enchant weapon
 s - 3 scrolls of magic mapping
 t - a scroll of amnesia
 u - 3 scrolls of blinking
 x - 2 scrolls of fear


   Skills:
 - Level 8.0 Fighting
 - Level 14.0 Axes
 + Level 7.8 Armour
 - Level 2.0 Dodging
 - Level 3.0 Spellcasting
 - Level 6.0 Hexes
 - Level 7.1 Charms
 - Level 8.0 Necromancy
 - Level 4.0 Evocations


You had 3 spell levels left.
You knew the following spells:

 Your Spells              Type           Power        Failure   Level  Hunger
a - Infusion              Chrm           ####....     3%          1    N/A
b - Spectral Weapon       Hex/Chrm       ###.....     13%         3    N/A
c - Song of Slaying       Chrm           ####....     5%          2    N/A
d - Swiftness             Chrm/Air       ##......     22%         2    N/A
e - Necrotize             Necr           ####..       2%          1    N/A
f - Corpse Rot            Necr           N/A          3%          2    N/A
g - Vampiric Draining     Necr           ####......   7%          3    N/A

Your spell library contained the following spells:

 Spells                   Type           Power        Failure   Level  Hunger
 Ozocubu's Armour         Chrm/Ice       ##......     41%         3    N/A
 Magic Dart               Conj           #...         54%         1    N/A
 Passwall                 Tmut/Erth      #.......     67%         2    N/A
 Searing Ray              Conj           #.......     67%         2    N/A
 Sticks to Snakes         Tmut           #.......     67%         2    N/A
 Iskenderun's Mystic Bla  Conj           #.......     88%         3    N/A
 Agony                    Necr           ####....     24%         4    N/A
 Dispel Undead            Necr           ####....     54%         5    N/A
 Fulminant Prism          Conj/Hex       ##........   88%         4    N/A
 Bolt of Draining         Conj/Necr      ###.......   98%         5    N/A
 Irradiate                Conj/Tmut      #.........   100%        5    N/A
 Simulacrum               Ice/Necr       ###.....     100%        6    N/A
 Sublimation of Blood     Necr           Unusable     N/A         2    N/A
 Regeneration             Chrm/Necr      Unusable     N/A         3    N/A
 Beastly Appendage        Tmut           Unusable     N/A         1    N/A
 Spider Form              Tmut/Pois      Unusable     N/A         3    N/A
 Ice Form                 Ice/Tmut       Unusable     N/A         4    N/A
 Blade Hands              Tmut           Unusable     N/A         5    N/A

Dungeon Overview and Level Annotations

Branches:
Dungeon (10/12)            Temple (1/1) D:4            Lair (0/6) D:9
    Orc (0/1) D:10

Altars:
Ashenzari
Cheibriados
Dithmenos
Gozag
Hepliaklqana
Kikubaaqudgha
Lugonu
Makhleb
Nemelex Xobeh
Okawaru
Qazlal
Ru
Sif Muna
Trog
Uskayaw
Vehumet
Wu Jian
Xom
Yredelemnul

Shops:
D:5 !   D:8 }[}

Annotations:
D:5 1 runed door
D:6 3 runed translucent doors, yrara's ghost, novice DsFi


Innate Abilities, Weirdness & Mutations

You do not eat or drink.
You are immune to poison.
Your flesh is cold resistant. (rC+)
Your body sometimes deteriorates upon taking damage.
You are immune to negative energy. (rN+++)
You regenerate a little health from kills.
You are immune to unholy pain and torment.
You can survive without breathing.
When hurt, damage is shared between your health and your magic reserves.
Your movements are less encumbered by armour. (ER -4)
Casting spells heals you.


Message History

Training target 14.0 for Axes reached!
Your Axes skill increases to level 14!
An orc priest comes into view. It is carrying a wand of digging (4).
The orc priest shouts!
The orc warrior drinks a potion.
The orc warrior goes berserk!
The orc warrior drinks a potion.
The orc warrior goes berserk!
Found a staircase to the Orcish Mines.
The orc warrior rages. x2
You hear an angry hiss.
You hear a zap.
You hear a grinding noise.
The orc warrior hits you with a +0 war axe!
You are no longer magically infusing your attacks.
You hear an angry hiss.
As you read the scroll of teleportation, it crumbles to dust.
You feel strangely unstable.
The orc warrior hits you with a +0 war axe!!
* * * LOW HITPOINT WARNING * * *
The orc warrior hits you with a +0 war axe!!
You die...
Kikubaaqudgha rasps: "You have failed me!
Welcome... oblivion!"

#### #... #.# #.> #.# #o. #.#
#.o ####'####### #o#
#..........# #.#
#..........### #.#
#.........)#..
######o.#######.(........'.#
.........ooo@..'..........###
########.#######..........# #
#..........# ############


You could see 4 orc warriors.

Vanquished Creatures
  Gastronok (D:8)
  A two-headed ogre (D:9)
  A wolf spider zombie (D:9)
  2 ugly things
  An orb spider (shapeshifter) (D:10)
  A deep elf mage (D:6)
  An eye of draining (D:8)
  A wolf spider simulacrum (D:10)
  A troll (D:8)
  Grinder (D:5)
  Prince Ribbit (D:6)
  4 hippogriffs
  Grum (D:8)
  A human (D:7)
  9 yaks (D:8)
  4 hogs (D:7)
  2 hungry ghosts
  Menkaure (D:4)
  2 wargs (D:9)
  Edmund (D:5)
  A soldier ant (D:10)
  2 sky beasts
  3 phantoms
  6 orc warriors
  2 ice beasts
  8 ogres
  3 wolves (D:8)
  Blork the orc (D:5)
  2 kobold brigands
  5 bullfrogs
  A gnoll sergeant (D:5)
  5 centaurs
  A wyvern skeleton (D:8)
  2 scorpions
  A wight (D:5)
  7 orc priests
  A howler monkey (D:8)
  7 crimson imps
  3 jellies
  A bullfrog zombie (D:8)
  3 hounds
  2 bullfrog skeletons (D:6)
  8 orc wizards
  Jessica (D:3)
  3 iguanas
  3 worker ants
  A porcupine skeleton (D:10)
  2 hound zombies
  4 hound skeletons
  8 mummies (Ossuary)
  Robin (D:4)
  6 gnolls
  8 adders
  2 shadow imps (D:10)
  An ooze (D:2)
  4 worms
  2 dart slugs
  6 leopard geckos
  65 orcs
  4 bats (D:1)
  5 giant cockroaches
  13 goblins
  11 hobgoblins
  10 jackals
  12 kobolds
  A quokka (D:5)
  2 ball pythons
  A frilled lizard (D:1)
  3 gnoll zombies (Ossuary)
  3 hobgoblin zombies (Ossuary)
  2 kobold zombies (Ossuary)
  4 rats
  A bush (D:6)
301 creatures vanquished.

Vanquished Creatures (others)
  An orc wizard (D:3)
  An orc (D:3)
  A bush (D:6)
  7 spectral weapons
10 creatures vanquished.

Grand Total: 311 creatures vanquished

Notes
Turn   | Place    | Note
-------+----------+-------------------------------------------
     0 | D:1      | Mehrunes the Skeleton Skald began the quest for the Orb.
     0 | D:1      | Reached XP level 1. HP: 12/12 MP: 4/4
   104 | D:1      | Reached XP level 2. HP: 8/17 MP: 4/6
   139 | D:1      | Reached skill level 3 in Axes
   292 | D:1      | Reached XP level 3. HP: 21/21 MP: 4/7
   749 | D:2      | Learned a level 3 spell: Spectral Weapon
   752 | D:2      | Learned a level 2 spell: Song of Slaying
   755 | D:2      | Learned a level 2 spell: Swiftness
   954 | D:2      | Reached skill level 4 in Axes
   954 | D:2      | Reached skill level 1 in Hexes
   954 | D:2      | Reached XP level 4. HP: 9/26 MP: 1/8
  1030 | D:2      | Found a hide-covered altar of Uskayaw.
  1539 | D:3      | Reached XP level 5. HP: 26/30 MP: 4/9
  1564 | D:2      | HP: 1/30 [orc wizard/+0 dagger (2)]
  1708 | D:3      | Noticed a phantom
  1915 | D:3      | Reached skill level 5 in Charms
  2163 | D:3      | Reached skill level 5 in Axes
  2230 | D:3      | Gained mutation: You regenerate a little health from kills.
                  | [Skeleton growth]
  2230 | D:3      | Reached XP level 6. HP: 35/35 MP: 8/10
  2463 | D:3      | Noticed Jessica
  2471 | D:3      | Killed Jessica
  2836 | D:4      | Noticed Robin
  2868 | D:4      | Killed Robin
  2974 | D:4      | Reached XP level 7. HP: 27/40 MP: 5/11
  3137 | D:4      | Found an opulent altar of Gozag.
  3138 | D:4      | Found a basalt altar of Yredelemnul.
  3138 | D:4      | Found an ornate altar of the Wu Jian Council.
  3138 | D:4      | Found a shattered altar of Ashenzari.
  3139 | D:4      | Found a glowing silver altar of Zin.
  3140 | D:4      | Found a shadowy altar of Dithmenos.
  3140 | D:4      | Found an iron altar of Okawaru.
  3141 | D:4      | Found a bloodstained altar of Trog.
  3187 | D:4      | Found a staircase to the Ecumenical Temple.
  3221 | Temple   | Entered the Ecumenical Temple
  3365 | Temple   | Became a worshipper of Kikubaaqudgha
  3692 | D:4      | Noticed Menkaure
  3704 | D:4      | Killed Menkaure
  3705 | D:4      | Reached skill level 6 in Axes
  4294 | D:5      | Entered Level 5 of the Dungeon
  4337 | D:5      | Noticed Edmund
  4348 | D:5      | Killed Edmund
  4404 | D:5      | Noticed Grinder
  4414 | D:5      | Killed Grinder
  4415 | D:5      | Reached skill level 5 in Hexes
  4415 | D:5      | Reached XP level 8. HP: 47/47 MP: 7/12
  4458 | D:5      | Noticed Blork the orc
  4469 | D:5      | Killed Blork the orc
  4470 | D:5      | Reached skill level 7 in Axes
  4558 | D:5      | Found a runed door.
  4623 | D:5      | Found Huqat's Distillery.
  4881 | D:5      | Reached * piety under Kikubaaqudgha
  4881 | D:5      | Identified Kikubaaqudgha's Catalogue of Sinister Secrets
                  | (Kikubaaqudgha gifted it to you on level 5 of the Dungeon)
  4881 | D:5      | Received a gift from Kikubaaqudgha
  4887 | D:5      | Learned a level 1 spell: Necrotize
  5200 | D:6      | Noticed a hippogriff
  5207 | D:6      | Reached skill level 1 in Necromancy
  5210 | D:6      | Killed a hippogriff
  5329 | D:6      | Noticed a deep elf mage
  5466 | D:6      | Found a sparkling altar of Nemelex Xobeh.
  5466 | D:6      | Found a radiant altar of Vehumet.
  5501 | D:6      | Learned a level 2 spell: Corpse Rot
  5712 | D:5      | Reached skill level 5 in Fighting
  5712 | D:5      | Reached skill level 8 in Axes
  6045 | D:7      | Reached XP level 9. HP: 51/54 MP: 10/13
  6364 | D:7      | Reached skill level 5 in Necromancy
  6722 | D:7      | Reached ** piety under Kikubaaqudgha
  7097 | D:8      | Noticed an eye of draining
  7100 | D:8      | Found Damneitt's Gadget Emporium.
  7128 | D:8      | Killed an eye of draining
  7149 | D:8      | Found Hamuegh's Armour Shop.
  7158 | D:8      | Found a sand-covered staircase.
  7166 | Ossuary  | Entered an ossuary
  7353 | D:8      | Learned a level 3 spell: Vampiric Draining
  7373 | D:8      | Bought a wand of acid (8) for 270 gold pieces
  7373 | D:8      | Bought a wand of acid (2) for 90 gold pieces
  7414 | D:8      | Reached skill level 1 in Evocations
  7414 | D:8      | Gained mutation: Your movements are less encumbered by
                  | armour. (ER -4) [Skeleton growth]
  7414 | D:8      | Reached XP level 10. HP: 40/64 MP: 7/14
  7426 | D:8      | Noticed Gastronok
  7822 | D:8      | Found Temegups's Gadget Shoppe.
  7867 | D:8      | Reached *** piety under Kikubaaqudgha
  7867 | D:8      | Identified Kikubaaqudgha's Disquisition on Sinister Arts
                  | (Kikubaaqudgha gifted it to you on level 8 of the Dungeon)
  7867 | D:8      | Received a gift from Kikubaaqudgha
  7892 | D:8      | Killed Gastronok
  7893 | D:8      | Reached skill level 11 in Axes
  7893 | D:8      | Reached XP level 11. HP: 52/68 MP: 6/15
  8188 | D:8      | Found a roughly hewn altar of Beogh.
  8202 | D:8      | Noticed a white ugly thing
  8205 | D:8      | Noticed Grum
  8385 | D:6      | Reached skill level 12 in Axes
  8420 | D:6      | Found a runed translucent gate.
  8424 | D:6      | Found a runed translucent gate.
  8425 | D:6      | Found a runed translucent gate.
  8427 | D:6      | Identified the +3 short sword "Bikkum" {elec, Dex+5}
  8427 | D:6      | Noticed yrara's ghost (novice DsFi)
  8623 | D:6      | Noticed Prince Ribbit
  8636 | D:6      | Killed Prince Ribbit
  8679 | D:6      | Found a blossoming altar of Fedhas.
  8941 | D:6      | Killed a deep elf mage
  9055 | D:8      | Killed a white ugly thing
  9261 | D:8      | Reached **** piety under Kikubaaqudgha
  9262 | D:8      | Reached skill level 5 in Armour
  9313 | D:8      | Killed Grum
  9769 | D:9      | Noticed a two-headed ogre
  9779 | D:9      | Killed a two-headed ogre
  9780 | D:9      | Reached skill level 13 in Axes
 10259 | D:9      | Found a blossoming altar of Fedhas.
 10336 | D:9      | Found a staircase to the Lair.
 10493 | D:9      | Found a shimmering blue altar of Sif Muna.
 10494 | D:9      | Found a snail-covered altar of Cheibriados.
 10945 | D:10     | Entered Level 10 of the Dungeon
 10958 | D:10     | Found a shadowy altar of Dithmenos.
 11210 | D:10     | Noticed a cyan ugly thing
 11221 | D:10     | Reached ***** piety under Kikubaaqudgha
 11225 | D:10     | Killed a cyan ugly thing
 11322 | D:10     | Noticed a two-headed ogre
 11328 | D:10     | Reached XP level 12. HP: 64/73 MP: 16/16
 11666 | D:10     | Reached skill level 14 in Axes
 11666 | D:10     | Found a staircase to the Orcish Mines.
 11672 | D:10     | Mangled by an orc warrior

Skill      XL: |  1  2  3  4  5  6  7  8  9 10 11 12 |
---------------+-------------------------------------+-----
Axes           | 3 4 5 6 8 11 13 14 | 14.0
Charms         | 4 5 6 7 |  7.1
Hexes          | 1 2 3 5 6 |  6.0
Fighting       | 3 5 7 8 |  8.0
Necromancy     | 2 7 8 |  8.0
Evocations     | 1 4 |  4.0
Armour         | 7 |  7.8
Dodging        | |  2.0
Spellcasting   | |  3.0

Action                   |  1- 3 |  4- 6 |  7- 9 | 10-12 || total
-------------------------+-------+-------+-------+-------++-------
Melee: War axe           |    96 |   103 |       |   142 ||   341
       Hand axe          |       |    51 |   202 |   249 ||   502
 Cast: Infusion          |    18 |    32 |    28 |    38 ||   116
       Spectral Weapon   |       |     2 |    26 |    28 ||    56
       Song of Slaying   |       |       |     4 |     3 ||     7
       Corpse Rot        |       |       |       |     2 ||     2
       Vampiric Draining |       |       |       |     3 ||     3
Invok: Receive Corpses   |       |       |       |     1 ||     1
Evoke: Wand              |       |       |       |     9 ||     9
  Use: Scroll            |       |       |    10 |     3 ||    13
 Stab: Distracted        |       |       |     5 |     1 ||     6
Armor: Leather armour    |    32 |       |       |       ||    32
       Ring mail         |     5 |    73 |    36 |     5 ||   119
       Chain mail        |       |       |       |   122 ||   122
Dodge: Dodged            |    97 |   116 |    79 |   170 ||   462
Block: Other             |       |       |    22 |     5 ||    27
